 Dungeon Crawl Stone Soup version 0.30.1-11-g7821555f0a (webtiles) character file.

Game seed: 3648552937654354204

353 lonewolfV2 the Shield-Bearer (level 6, -9/37 HPs)
             Began as a Gargoyle Fighter on Oct 30, 2023.
             Mangled by an ogre
             ... wielding a +0 giant spiked club
              (21 damage)
             ... on level 4 of the Dungeon.
             The game lasted 00:04:04 (2256 turns).

lonewolfV2 the Shield-Bearer (Gargoyle Fighter)     Turns: 2256, Time: 00:04:05

Health: -9/37      AC: 14    Str: 20    XL:     6   Next: 62%
Magic:  6/6        EV:  6    Int:  8    God:
Gold:   107        SH: 12    Dex: 11    Spells: 5/5 levels left

rFire   . . .        a - +1 war axe (spect)
rCold   . . .        k - +0 tower shield
rNeg    + . .        i - +0 chain mail
rPois   ∞            (no helmet)
rElec   +            (no cloak)
rCorr   .            (no gloves)
SInv    .            (no boots)
Will    .....        (no amulet) Stlth
                     j - ring of wizardry
HPRegen 0.26/turn    (no ring)
MPRegen 0.10/turn

%: wizardry (x1)
@: no status effects
A: sickness immunity, AC +4, negative energy resistance 1, electricity
resistance, torment resistance 1, petrification resistance
a: no special abilities


You were on level 4 of the Dungeon.
You visited 1 branch of the dungeon, and saw 4 of its levels.

You collected 107 gold pieces.

Inventory:

Hand Weapons
 a - a +1 spectral war axe (weapon)
Armour
 i - a +0 chain mail (worn)
 k - a +0 tower shield (worn)
Jewellery
 j - a ring of wizardry (left hand)
Scrolls
 e - 2 scrolls of blinking
Potions
 d - a potion of might
 f - a potion of mutation {unknown}
 g - a potion of heal wounds
 h - a potion of berserk rage


   Skills:
 - Level 3.2 Fighting
 - Level 1.7 Axes
 + Level 4.8 Armour
 * Level 3.6 Dodging
 + Level 4.8 Shields


You had 5 spell levels left.
You didn't know any spells.
Your spell library contained the following spells:

 Spells                   Type           Power      Damage    Failure   Level
 Slow                     Hex            0%         N/A       100%        1
 Summon Small Mammal      Summ           0%         N/A       100%        1
 Call Canine Familiar     Summ           0%         N/A       100%        3
 Confusing Touch          Hex            0%         N/A       100%        3
 Summon Guardian Golem    Hex/Summ       0%         N/A       100%        3
 Vampiric Draining        Necr           0%         2d6       100%        3
 Simulacrum               Ice/Necr       0%         N/A       100%        6
 Ozocubu's Refrigeration  Ice            0%         4d7       100%        7
 Polar Vortex             Ice            0%         N/A       100%        9


Dungeon Overview and Level Annotations

Branches:
Dungeon (4/15)
 Temple: D:4-7

Altars:
Yredelemnul

Annotations:
D:3 2 runed translucent doors, KittyFluff's ghost, amateur GrBe


Innate Abilities, Weirdness & Mutations

You are immune to sickness and miasma.
Your stone body is resilient. (AC +4)
You are immune to poison.
You resist negative energy. (rN+)
You are resistant to electric shocks. (rElec)
You are resistant to unholy torment.
You are immune to petrification.


Message History

You hit the sleepcap.
The sleepcap is lightly damaged.
Your +1 spectral war axe hits the sleepcap.
You block the sleepcap's attack.
You hit the sleepcap.
The sleepcap is moderately damaged.
Your +1 spectral war axe hits the sleepcap but does no damage.
The sleepcap barely misses you.
The sleepcap releases spores at you but does no damage.
You hit the sleepcap but do no damage.
The sleepcap is moderately damaged.
Your +1 spectral war axe hits the sleepcap.
The sleepcap releases spores at you but does no damage.
You block the sleepcap's attack.
You hit the sleepcap.
The sleepcap is heavily damaged.
Your +1 spectral war axe completely misses the sleepcap.
The sleepcap releases spores at you but does no damage.
You hit the sleepcap but do no damage.
The sleepcap is heavily damaged.
Your +1 spectral war axe hits the sleepcap.
The sleepcap closely misses your +1 spectral war axe.
The sleepcap barely misses your +1 spectral war axe.
You hit the sleepcap but do no damage.
The sleepcap is severely damaged.
Your +1 spectral war axe hits the sleepcap.
The sleepcap releases spores at your +1 spectral war axe!
Your spectral weapon shares its damage with you!
The sleepcap closely misses your +1 spectral war axe.
You slash the sleepcap!
You destroy the sleepcap!
Your +1 spectral war axe disappears.
You slash the ogre!
The ogre is moderately wounded.
Your +1 spectral war axe hits the ogre.
You are no longer corroded.
The ogre hits you with a +0 giant spiked club!
The ogre hits you with a +0 giant spiked club!!
Ouch! That really hurt!
You die...

.#. ## .. .. .
#.# ##. . ... ..
#. #.# .#
#.#.##.###.####..
........@O.......
####...(#####...
##...|# ##.....#
. #...†..# ..
#.#..))# ###.#
#..###..###....#
#[ ##.....# #
###..########


You could see an ogre and a friendly +1 spectral war axe.

Vanquished Creatures
  3 orc priests (D:3)
  A jelly (D:4)
  2 sleepcaps
  An orc wizard (D:3)
  6 adders (D:3)
  2 worms
  7 dart slugs
  13 orcs
  A ball python (D:2)
  6 bats
  6 endoplasms
  5 goblins
  6 hobgoblins
  7 jackals
  6 kobolds
  A quokka (D:3)
  2 frilled lizards (D:2)
  5 rats
80 creatures vanquished.

Notes
Turn   | Place    | Note
-------+----------+-------------------------------------------
     0 | D:1      | lonewolfV2 the Gargoyle Fighter began the quest for the
                  | Orb.
     0 | D:1      | Reached XP level 1. HP: 14/14 MP: 1/1
   193 | D:1      | Reached XP level 2. HP: 19/19 MP: 2/2
   307 | D:1      | Reached skill level 1 in Dodging
   592 | D:1      | Reached XP level 3. HP: 22/23 MP: 3/3
  1186 | D:2      | Found a faded altar of an unknown god.
  1407 | D:3      | Reached XP level 4. HP: 28/28 MP: 4/4
  1422 | D:3      | Reached XP level 5. HP: 25/32 MP: 5/5
  1664 | D:3      | Reached XP level 6. HP: 35/37 MP: 6/6
  2100 | D:3      | Found a large runed translucent door.
  2101 | D:3      | Found a large runed translucent door.
  2142 | D:3      | Noticed KittyFluff's ghost (amateur GrBe)
  2189 | D:4      | Found a basalt altar of Yredelemnul.
  2256 | D:4      | Mangled by an ogre

Illustrated notes

Levels and vault maps discovered:
D:1:      minmay_arrival_split_and_join, layout_basic,
          chequers_serial_rivers_small_b
D:2:      layout_rooms, chequers_ecumenical_altar_island
D:3:      layout_basic, ebering_ghost_disaster_area, kennysheep_generic_room_15
D:4:      layout_rooms, nicolae_overflow_hidden_temple, minmay_diced_spiral

Skill      XL: |  1  2  3  4  5 |
---------------+----------------+-----
Dodging        | 1 2 3 |  3.6
Shields        | 4 |  4.8
Armour         | 4 |  4.8
Fighting       | |  3.2
Axes           | |  1.7

Action                     |  1- 3 |  4- 6 || total
---------------------------+-------+-------++-------
  Melee: War axe           |    74 |   120 ||   194
    Use: Scroll            |     7 |     1 ||     8
 Armour: Scale mail        |    52 |       ||    52
         Chain mail        |     2 |    79 ||    81
  Dodge: Dodged            |    41 |    38 ||    79
  Block: Buckler           |    19 |    23 ||    42
         Tower shield      |       |    20 ||    20
